 Dungeon Crawl Stone Soup version 0.25-a0-87-ga3d287bc14 (webtiles) character file.

Game seed: 10956025413870547893, levelgen mode: deterministic

40 D1HalberdGnoll the Poker (level 3, -1/28 HPs)
             Began as a Merfolk Skald on Nov 10, 2019.
             Slain by Robin
             ... wielding a +0 falchion
              (6 damage)
             ... on level 1 of the Dungeon.
             The game lasted 00:01:28 (1390 turns).

D1HalberdGnoll the Poker (Merfolk Skald)            Turns: 1390, Time: 00:01:29

Health: -1/28      AC:  3    Str: 12    XL:     3   Next: 50%
Magic:  6/6        EV: 13    Int: 12    God:
Gold:   51         SH:  0    Dex: 13    Spells: 5/6 levels left

rFire    . . .     SeeInvis .   f - +1 dagger (venom)
rCold    . . .     Gourm    .   (no shield)
rNeg     . . .     Faith    .   b - +0 leather armour
rPois    .         Spirit   .   (no helmet)
rElec    .         Reflect  .   (no cloak)
rCorr    .         Harm     .   (no gloves)
MR       .....                  (no boots)
Stlth    +.........             (no amulet)
HPRegen  0.09/turn              (no ring)
MPRegen  0.10/turn              (no ring)

@: no status effects
A: change form in water, swift swim, stealthy swim
a: no special abilities


You were on level 1 of the Dungeon.
You were not hungry.

You visited 1 branch of the dungeon, and saw 2 of its levels.

You collected 51 gold pieces.

Inventory:

Hand Weapons
 a - a +0 spear
 f - a +1 dagger of venom (weapon)
Armour
 b - a +0 leather armour (worn)
Scrolls
 c - a scroll of identify {unknown}
 e - a scroll of remove curse {unknown}
 g - a scroll of fear {unknown}
 h - a scroll of magic mapping {unknown}
Comestibles
 d - a ration
 i - 5 chunks of flesh


   Skills:
 + Level 2.7 Fighting
 * Level 4.4 Polearms
 - Level 0.6 Armour
 + Level 3.4 Dodging
 - Level 2.0 Spellcasting
 - Level 3.2 Charms


You had 5 spell levels left.
You knew the following spells:

 Your Spells              Type           Power        Failure   Level  Hunger
a - Infusion              Chrm           #...         9%          1    ##.....

Your spell library contained the following spells:

 Spells                   Type           Power        Failure   Level  Hunger
 Song of Slaying          Chrm           #.......     14%         2    ###....
 Shroud of Golubria       Chrm/Tloc      #.....       26%         2    ###....
 Regeneration             Chrm/Necr      #.........   47%         3    ####...
 Spectral Weapon          Hex/Chrm       #.......     47%         3    ####...


Dungeon Overview and Level Annotations

Branches:
Dungeon (2/15)

Altars:

Annotations:
D:1 Robin


Message History

The goblin hits you but does no damage.
You hit the goblin.
You kill the goblin!
The goblin hits you but does no damage. Robin throws the goblin at you!
* * * LOW HITPOINT WARNING * * *
The goblin closely misses you.
You aren't carrying any potions.
You see here a goblin skeleton.
You hit the goblin.
You kill the goblin!
The goblin hits you.
* * * LOW HITPOINT WARNING * * *
Robin hits you with a +0 falchion.
* * * LOW HITPOINT WARNING * * *
Things that are here:
a +0 club; a goblin skeleton You barely miss Robin.
You hit Robin but do no damage.
Robin is poisoned.
Robin hits you with a +0 falchion.
You die...

#...#.# #.#..#....##.# #.#...#
#.........##.## #.##.##
###..#...###..# #.##.##
#..##### ##.# #.#...## #...#
#.# #......## ##..# #.#
#.......######..# #.#
#........##.)...# #.#
#....>[..##@###.# #.#
##....)#.##g###.#######.# #
#........gg............####
#####.#(#...##).##.#########...
#...........##..##.#####.###.##
#.###.#.#..###..##........##.#
#.# #...........##.#####)###.##
#.# ######.......#.# ##.#.....
#.# #.###.#.#.# #........


You could see Robin and 2 goblins.

Vanquished Creatures
  2 leopard geckos (D:1)
  2 giant cockroaches (D:1)
  9 goblins (D:1)
  5 hobgoblins (D:1)
  3 jackals (D:1)
  8 kobolds (D:1)
  2 frilled lizards (D:1)
31 creatures vanquished.

Notes
Turn   | Place    | Note
-------+----------+-------------------------------------------
     0 | D:1      | D1HalberdGnoll the Merfolk Skald began the quest for the
                  | Orb.
     0 | D:1      | Reached XP level 1. HP: 16/16 MP: 3/3
   121 | D:1      | Reached XP level 2. HP: 17/23 MP: 5/5
   491 | D:1      | Reached skill level 4 in Polearms
   680 | D:1      | Reached XP level 3. HP: 22/28 MP: 6/6
  1123 | D:2      | Noticed Robin
  1390 | D:1      | Slain by Robin

Levels and vault maps discovered:
D:1:      dpeg_arrival_shelter, layout_loops_ring, minmay_misc_feat_iff
D:2:      layout_basic, kennysheep_slug_shrine, serial_bayou,
          serial_bayou_ford_a, serial_bayou_pond_a, serial_bayou_shore_b,
          serial_bayou_pond_b, serial_bayou_pond_a, serial_bayou_pond_c,
          uniq_natasha, uniq_robin

Skill      XL: |  1  2 |
---------------+-------+-----
Dodging        | 3 |  3.4
Polearms       | 4 |  4.4
Fighting       | |  2.7
Armour         | |  0.6
Spellcasting   | |  2.0
Charms         | |  3.2

Action                   || total
-------------------------++-------
Melee: Spear             ||    79
       Dagger            ||    40
  Use: Potion            ||     1
  Eat: Chunk             ||     2
Armor: Leather armour    ||    20
Dodge: Dodged            ||    78

Table legend:
 A = Non-vault XP
 B = Vault XP
 C = Vault XP percentage of total XP
 D = Non-vault monster count
 E = Vault monster count
 F = Vault count percentage of total count
                 A         B        C        D         E       F
            +---------+---------+-------+---------+---------+-------
      Total |      42 |      16 |  27.6 |      23 |       8 |  25.8
            +---------+---------+-------+---------+---------+-------
        D:1 |      42 |      16 |  27.6 |      23 |       8 |  25.8
            +---------+---------+-------+---------+---------+-------
